 Dungeon Crawl Stone Soup version 0.23.2-40-g277498a001 (webtiles) character file.

Game seed: 7625792592248075067

8339 Leekoo the Spear-Bearer (level 11, -2/87 HPs)
             Began as a Merfolk Abyssal Knight on Sept 29, 2019.
             Was an Elder of Lugonu.
             Slain by a porcupine (14 damage)
             ... on level 9 of the Dungeon.
             The game lasted 02:20:09 (17452 turns).

Leekoo the Spear-Bearer (Merfolk Abyssal Knight)   Turns: 17452, Time: 02:20:10

Health: -2/87      AC:  8    Str: 16    XL:     11   Next: 29%
Magic:  16/17      EV: 18    Int: 17    God:    Lugonu [****..]
Gold:   483        SH:  0    Dex: 14    Spells: 10/10 levels left

rFire    . . .     SeeInvis .   a - +1 spear
rCold    . . .     Gourm    .   (no shield)
rNeg     . . .     Faith    .   h - +2 leather armour {MR+}
rPois    .         Spirit   .   (no helmet)
rElec    .         Reflect  .   (no cloak)
rCorr    .         Harm     .   b - +0 pair of gloves
MR       +....                  p - +0 pair of boots
Stlth    +.........             (no amulet)
HPRegen  0.24/turn              u - +6 ring of intelligence
MPRegen  0.15/turn              (no ring)

@: studying Armour
A: change form in water, swift swim, stealthy swim
a: Depart the Abyss, Bend Space, Banish, Corrupt, Renounce Religion


You were on level 9 of the Dungeon.
You worshipped Lugonu.
Lugonu was greatly pleased with you.
You were hungry.

You visited 1 branch of the dungeon, and saw 10 of its levels.
You visited the Abyss 1 time.
You also visited: Ossuary.

You collected 483 gold pieces.

Inventory:

Hand Weapons
 a - a +1 spear (weapon)
 G - a +0 trident
 O - a +0 scimitar of flaming
Missiles
 z - 2 throwing nets (quivered)
Armour
 b - a +0 pair of gloves (worn)
 h - a +2 leather armour of magic resistance (worn)
 p - a +0 pair of boots (worn)
 P - the +5 ring mail of Ohetaudgh {+Blink}
   (You found it on level 9 of the Dungeon)

   It lets you blink.
 R - +0 fire dragon scales
Magical Staves
 q - an uncursed staff of conjuration {unknown}
Jewellery
 l - an uncursed ring of ice
 m - an uncursed ring of fire
 r - an uncursed ring of ice
 u - a +6 ring of intelligence (left hand)
Wands
 d - a wand of iceblast (8)
 f - a wand of digging (7)
 i - a wand of polymorph (9)
 I - a wand of paralysis (12)
 Q - a wand of flame (5)
Scrolls
 e - 2 scrolls of enchant weapon {unknown}
 g - 5 scrolls of teleportation
 n - a scroll of fear {unknown}
 o - 2 scrolls of enchant armour {unknown}
 x - 2 scrolls of magic mapping
 y - 6 scrolls of amnesia
 C - a scroll of immolation {unknown}
 F - 3 scrolls of remove curse
 J - a scroll of blinking {unknown}
Potions
 j - 2 potions of heal wounds
 k - 5 potions of curing
 s - a potion of magic {unknown}
 v - a potion of brilliance {unknown}
 w - a potion of agility {unknown}
 A - 2 potions of degeneration {unknown}
 D - 2 potions of ambrosia
 E - a potion of haste {unknown}
 H - a potion of berserk rage {unknown}
 L - a potion of invisibility
 M - a potion of mutation {unknown}
 N - a potion of might {unknown}
Books
 K - a manual of Armour
Comestibles
 c - 21 rations


   Skills:
 + Level 8.8 Fighting
 * Level 14.3 Polearms
 + Level 5.6 Armour
 + Level 9.9 Dodging
 - Level 8.2 Invocations


You had 10 spell levels left.
You didn't know any spells.
Your spell library contained the following spells:

 Spells                   Type           Power        Failure   Level  Hunger
 Confusing Touch          Hex            #.....       28%         1    ##.....
 Sandblast                Erth           #.....       28%         1    ##.....
 Passwall                 Tmut/Erth      #.......     38%         2    ###....
 Confuse                  Hex            #.......     63%         3    ####...
 Gell's Gravitas          Tloc           #.........   63%         3    ####...
 Stone Arrow              Conj/Erth      #.....       63%         3    ####...
 Petrify                  Tmut/Erth      #.......     95%         4    #####..
 Lee's Rapid Deconstruct  Erth           #.........   100%        5    ######.
 Metabolic Englaciation   Hex/Ice        #.........   100%        5    ######.
 Yara's Violent Unravell  Hex/Tmut       #.........   100%        5    ######.


Dungeon Overview and Level Annotations

Branches:
Dungeon (10/15)            Temple (0/1) D:6
   Lair: D:8-11         Orc: D:9-12

Altars:
Ashenzari
Dithmenos
Elyvilon
Fedhas
Qazlal
Trog
Yredelemnul

Annotations:
D:4 exclusion: downstairs
D:7 1 exclusion
Abyss:1 Erolcha, Harold, Joseph, Pikel


Message History

The porcupine is lightly wounded.
You are struck by the porcupine's spines.
You hit the porcupine.
The porcupine is heavily wounded.
The porcupine completely misses you.
You hit the porcupine.
The porcupine is heavily wounded.
You are struck by the porcupine's spines.
You hit the porcupine.
The porcupine is severely wounded.
The porcupine misses you.
You are struck by the porcupine's spines.
* * * LOW HITPOINT WARNING * * *
You barely miss the porcupine.
The porcupine is severely wounded.
The porcupine barely misses you. Space bends around you!
You blink.
The porcupine bites you!
* * * LOW HITPOINT WARNING * * *
The porcupine bites you!
You die...

##.#.#.##....#....##.
#.#...##....#.......
#.........##........
#####..####.........
###...#......###..
#.#.....####..##.#
###.#......###...<..
####§rr...............#
##..###@.#............##
#....#..##.##..[.......#
#.......................
##..#...>.....#........##...
#.............#.........##..
##................#......#.#
#...............###........
#.............>.<# ........
###.......#..##..# ........


You could see 2 porcupines.

Vanquished Creatures
  Erica (D:8)
  A hippogriff (D:8)
  A spriggan (D:7)
  12 yaks
  A basilisk (D:9)
  A hungry ghost (D:8)
  Duvessa (D:5)
  An ice beast (D:7)
  2 sky beasts (D:8)
  2 necrophages (D:9)
  A phantom (D:8)
  3 ogres
  5 centaurs
  A crocodile (D:9)
  5 bullfrogs
  A scorpion (D:5)
  Dowan (D:5)
  7 killer bees
  3 howler monkeys (D:8)
  4 crimson imps
  5 hounds
  A jelly (D:8)
  5 orc priests
  Ijyb (D:5)
  9 orc wizards
  A centaur skeleton (D:5)
  Jessica (D:2)
  Natasha (thrice) (D:2)
  5 iguanas
  10 worker ants
  A howler monkey zombie (D:8)
  A worker ant zombie (D:6)
  3 gnolls
  6 adders
  4 shadow imps
  An adder zombie (D:6)
  A worm (D:3)
  2 dart slugs
  2 leopard geckos
  51 orcs
  A ball python (D:2)
  9 bats
  5 giant cockroaches
  11 goblins
  3 hobgoblins
  7 quokkas
  4 frilled lizards
  3 jackal skeletons
  12 kobolds
  10 rats
232 creatures vanquished.

Vanquished Creatures (others)
  An ugly thing (D:7)
  A hippogriff (D:7)
  A slime creature (D:5)
  A sky beast (D:9)
  2 slaves (D:9)
  An orc (D:9)
  A withered plant (Ossuary)
8 creatures vanquished.

Grand Total: 240 creatures vanquished

Notes
Turn   | Place    | Note
-------+----------+-------------------------------------------
     0 | Abyss:1  | Leekoo the Merfolk Abyssal Knight began the quest for the
                  | Orb.
     0 | Abyss:1  | Reached XP level 1. HP: 18/18 MP: 2/2
     8 | D:1      | Escaped the Abyss
   197 | D:1      | Reached XP level 2. HP: 24/24 MP: 3/3
   808 | D:1      | Reached XP level 3. HP: 29/29 MP: 4/4
   991 | D:1      | Reached ** piety under Lugonu
  1303 | D:2      | Noticed Jessica
  1313 | D:2      | Killed Jessica
  1313 | D:2      | Reached skill level 4 in Polearms
  1313 | D:2      | Reached XP level 4. HP: 37/37 MP: 5/5
  1634 | D:3      | Noticed Natasha
  1715 | D:2      | Killed Natasha
  1990 | D:2      | Noticed Natasha
  2001 | D:2      | Killed Natasha
  2001 | D:2      | Reached skill level 5 in Polearms
  2001 | D:2      | Reached XP level 5. HP: 20/42 MP: 7/7
  2306 | D:2      | Noticed Natasha
  2318 | D:2      | Killed Natasha
  3247 | D:3      | Reached *** piety under Lugonu
  3267 | D:3      | Reached XP level 6. HP: 43/49 MP: 8/8
  3385 | D:3      | Reached skill level 6 in Polearms
  4531 | D:4      | Reached XP level 7. HP: 43/55 MP: 9/9
  4667 | D:3      | Reached skill level 7 in Polearms
  4963 | D:4      | Reached skill level 5 in Dodging
  5064 | D:4      | Reached skill level 5 in Fighting
  5276 | D:4      | Found a shadowy altar of Dithmenos.
  5401 | D:5      | Entered Level 5 of the Dungeon
  5403 | D:5      | Noticed Ijyb
  5426 | D:5      | Killed Ijyb
  5567 | D:5      | Noticed Duvessa
  5567 | D:5      | Noticed Dowan
  5809 | D:5      | Reached skill level 8 in Polearms
  5925 | D:6      | Found a staircase to the Ecumenical Temple.
  6289 | D:5      | Killed Dowan
  6395 | D:5      | Killed Duvessa
  6395 | D:5      | Reached skill level 5 in Invocations
  6395 | D:5      | Reached XP level 8. HP: 63/63 MP: 11/11
  6750 | D:5      | Reached **** piety under Lugonu
  6860 | D:5      | Found a blossoming altar of Fedhas.
  7201 | D:5      | Found a bloodstained altar of Trog.
  7577 | D:6      | Reached skill level 9 in Polearms
  8414 | D:7      | Found a basalt altar of Yredelemnul.
  8745 | D:7      | Found a sand-covered staircase.
  8751 | Ossuary  | Entered an ossuary
  8958 | D:7      | Noticed a slime creature
  8973 | D:7      | Reached skill level 10 in Polearms
  8973 | D:7      | Reached XP level 9. HP: 52/69 MP: 13/13
  9617 | D:7      | Noticed Joseph
 10552 | D:7      | Noticed a purple ugly thing
 10554 | D:7      | Banished a purple ugly thing
 10629 | D:7      | Reached skill level 11 in Polearms
 10629 | D:7      | Reached skill level 1 in Armour
 11011 | D:7      | Banished Joseph
 11243 | D:7      | Noticed Harold
 11244 | D:7      | Banished Harold
 11263 | D:7      | Reached XP level 10. HP: 63/79 MP: 11/16
 11949 | D:8      | Reached skill level 12 in Polearms
 11996 | D:9      | Noticed Erolcha
 12041 | D:8      | Found a white marble altar of Elyvilon.
 12365 | D:8      | Noticed Erica
 12649 | D:8      | Found a stormy altar of Qazlal.
 14199 | D:7      | Reached skill level 13 in Polearms
 14973 | D:8      | Killed Erica
 15563 | D:9      | Got a bronze ring mail
 15590 | D:8      | Identified the +5 ring mail of Ohetaudgh {+Blink} (You
                  | found it on level 9 of the Dungeon)
 15609 | D:9      | Noticed Pikel
 15610 | D:9      | Banished Pikel
 15610 | D:9      | Reached skill level 5 in Armour
 15610 | D:9      | Reached XP level 11. HP: 87/87 MP: 17/17
 15767 | D:9      | Reached skill level 14 in Polearms
 16295 | D:9      | Banished Erolcha
 16731 | D:10     | Entered Level 10 of the Dungeon
 17108 | D:9      | Found a shattered altar of Ashenzari.
 17452 | D:9      | Slain by a porcupine

Skill      XL: |  1  2  3  4  5  6  7  8  9 10 11 |
---------------+----------------------------------+-----
Dodging        | 3 4 5 6 7 9 |  9.9
Polearms       | 4 5 6 8 10 11 13 14 | 14.3
Fighting       | 4 5 6 7 8 |  8.8
Invocations    | 3 5 6 8 |  8.2
Armour         | 2 5 |  5.6

Action                   |  1- 3 |  4- 6 |  7- 9 | 10-12 || total
-------------------------+-------+-------+-------+-------++-------
Melee: Spear             |    95 |   362 |   678 |   784 ||  1919
       Tailslap          |       |       |       |     6 ||     6
Invok: Bend Space        |       |     1 |     5 |     2 ||     8
       Banish            |       |       |     6 |     2 ||     8
Evoke: Wand              |       |       |     2 |     2 ||     4
  Use: Scroll            |       |     7 |     1 |     2 ||    10
       Potion            |       |     1 |       |       ||     1
 Stab: Sleeping          |     1 |       |       |       ||     1
  Eat: Chunk             |     1 |    11 |    18 |    10 ||    40
       Ration            |       |       |     2 |     3 ||     5
Armor: Ring mail         |    16 |    33 |       |    42 ||    91
       Leather armour    |       |    44 |    89 |    23 ||   156
       Scale mail        |       |       |       |    31 ||    31
Dodge: Dodged            |    38 |   131 |   219 |   279 ||   667
